 Dungeon Crawl Stone Soup version 0.29.1-4-g47bece8355 (webtiles) character file.

Game seed: 6521533297589330892

37 PhantomBowie the Trooper (level 3, -1/24 HPs)
             Began as a Gargoyle Berserker on Dec 3, 2022.
             Was a Believer of Trog.
             Killed from afar by Sigmund (3 damage)
             ... with a magic dart
             ... on level 2 of the Dungeon.
             The game lasted 00:04:04 (1444 turns).

PhantomBowie the Trooper (Gargoyle Berserker)       Turns: 1444, Time: 00:04:05

Health: -1/24      AC:  8    Str: 22    XL:     3   Next: 41%
Magic:  3/3        EV: 11    Int:  7    God:    Trog [**....]
Gold:   73         SH:  0    Dex:  9    Spells: 2/2 levels left

rFire   . . .      SeeInvis .   j - +1 mace (holy)
rCold   . . .      Faith    .   (no shield)
rNeg    + . .      Spirit   .   h - +0 ring mail
rPois   ∞          Reflect  .   (no helmet)
rElec   +          Harm     .   (no cloak)
rCorr   .          Rampage  .   (no gloves)
Will    .....                   (no boots)
Stlth   ..........              (no amulet)
HPRegen 0.08/turn               (no ring)
MPRegen 0.08/turn               (no ring)

@: confused
A: sickness immunity, AC +3, negative energy resistance 1, electricity
resistance, torment resistance 1, petrification resistance
a: Renounce Religion, Berserk, Trog's Hand


You were on level 2 of the Dungeon.
You worshipped Trog.
Trog was pleased with you.
You visited 1 branch of the dungeon, and saw 2 of its levels.

You collected 73 gold pieces.

Inventory:

Hand Weapons
 j - a +1 mace of holy wrath (weapon)
Armour
 h - a +0 ring mail (worn)
Scrolls
 a - a scroll of poison {unknown}
 b - a scroll of silence {unknown}
 c - a scroll of fear {unknown}
 f - a scroll of amnesia {unknown}
 g - 4 scrolls of identify {unknown}
Potions
 d - a potion of cancellation {unknown}
 e - a potion of ambrosia {unknown}
 i - a potion of invisibility {unknown}


   Skills:
 + Level 3.7 Fighting
 + Level 3.4 Maces & Flails
 + Level 2.8 Armour
 + Level 2.0 Dodging


You had 2 spell levels left.
You didn't know any spells.
Your spell library was empty.

Dungeon Overview and Level Annotations

Branches:
Dungeon (2/15)

Altars:
Hepliaklqana

Shops:
D:2 !

Annotations:
D:2 Sigmund


Innate Abilities, Weirdness & Mutations

You are immune to sickness and miasma.
Your stone body is resilient. (AC +3)
You are immune to poison.
You resist negative energy. (rN+)
You are resistant to electric shocks. (rElec)
You are resistant to unholy torment.
You are immune to petrification.


Message History

g - 4 scrolls labelled REIXKE YVANESCHUXO (gained 1)
a - a scroll labelled PAGE HERON
There is an open door here.
Sigmund the Dreaded comes into view.
He is wielding a +0 scythe.
Sigmund shouts!
Sigmund hits you with a +0 scythe.
You barely miss Sigmund. You closely miss Sigmund.
Sigmund points at you and mumbles some strange words.
You are confused.
Sigmund barely misses you.
You sock Sigmund!
Sigmund is moderately wounded.
You miss Sigmund.
Sigmund is moderately wounded.
Sigmund casts a spell at you. The magic dart hits you.
You bump into the rock wall.
Sigmund hits you with a +0 scythe.
You are too confused!
You hit Sigmund.
Sigmund is heavily wounded.
Sigmund closely misses you.
You bump into the rock wall.
Sigmund closely misses you.
You feel less confused. Sigmund hits you with a +0 scythe.
You hit Sigmund.
Sigmund is severely wounded.
Sigmund closely misses you.
You closely miss Sigmund.
Sigmund is severely wounded.
Sigmund gestures at you while chanting.
You are confused.
You bump into the rock wall.
Sigmund hits you with a +0 scythe!
* * * LOW HITPOINT WARNING * * *
You barely miss Sigmund.
Sigmund is severely wounded.
Sigmund closely misses you. Sigmund gestures at you while chanting.
The magic dart hits you.
You die...

#.#.###.#.....#....
#.#..######'####...
#.+...###.....###..
#.#....###.....###. #
##.#.....###.....###
#.##..##.....###.....## .....
##.....###.....#
#.@#####'#######'###
#.@................
###.#####.##..##..# #.#
#.##.###... #.# #.........# ##+##
#########.# #. ##...## #.# #.
#########.....## ######.#
#.##.##..##.......#####.......
####.#...#.._#....<.....##...##.#


You could see Sigmund.

Vanquished Creatures
  An adder (D:2)
  A dart slug (D:1)
  2 endoplasms (D:1)
  A giant cockroach (D:1)
  3 goblins
  3 hobgoblins
  6 kobolds (D:1)
  A quokka (D:1)
  A ball python (D:2)
  2 frilled lizards
  6 rats
27 creatures vanquished.

Notes
Turn   | Place    | Note
-------+----------+-------------------------------------------
     0 | D:1      | PhantomBowie the Gargoyle Berserker began the quest for the
                  | Orb.
     0 | D:1      | Reached XP level 1. HP: 14/14 MP: 1/1
   419 | D:1      | Reached XP level 2. HP: 17/19 MP: 2/2
   873 | D:2      | Found a hazy altar of Hepliaklqana.
   880 | D:2      | Found a faded altar of an unknown god.
  1019 | D:2      | Found Uniacuaz's Distillery.
  1113 | D:2      | Reached XP level 3. HP: 23/23 MP: 3/3
  1294 | D:2      | Reached ** piety under Trog
  1428 | D:2      | Noticed Sigmund
  1444 | D:2      | Killed from afar by Sigmund

Illustrated notes

Levels and vault maps discovered:
D:1:      shiori_arrival_oz, layout_loops_ring, st_stairs_14,
          chequers_serial_rivers_micro_a
D:2:      layout_loops_corners, ebering_ecumenical_altar_rust, serial_shops,
          shop, basic_altar, st_stairs_11, minmay_statues_item,
          minmay_quadrilaterals, uniq_sigmund

Skill      XL: |  1  2  3 |
---------------+----------+-----
Dodging        | 2 |  2.0
Fighting       | |  3.7
Maces & Flails | |  3.4
Armour         | |  2.8

Action                   || total
-------------------------++-------
Melee: Mace              ||    80
       Punch             ||     2
Armor: Leather armour    ||     6
       Animal skin       ||     3
       Ring mail         ||    25
Dodge: Dodged            ||    42
